 Dungeon Crawl Stone Soup version 0.29-a0-775-g4d7333d4e2 (webtiles) character file.

Game seed: 11051339640008108387

1627 purpskrrrp the Covert (level 9, -2/78 HPs)
             Began as a Kobold Hunter on July 2, 2022.
             Was a Believer of Okawaru.
             Slain by a killer bee (6 damage)
             ... on level 6 of the Dungeon.
             The game lasted 00:49:45 (9096 turns).

purpskrrrp the Covert (Kobold Hunter)               Turns: 9096, Time: 00:49:45

Health: -2/78      AC: 24    Str: 16    XL:     9   Next: 17%
Magic:  9/9        EV:  3    Int: 11    God:    Okawaru [**....]
Gold:   331        SH:  0    Dex: 20    Spells: 7/8 levels left

rFire   . . .      SeeInvis .   j - +4 short sword (freeze)
rCold   . . .      Faith    .   (no shield)
rNeg    . . .      Spirit   .   (body armour currently unavailable)
rPois   +          Reflect  .   (helmet currently unavailable)
rElec   .          Harm     .   (cloak currently unavailable)
rCorr   .          Rampage  .   (gloves currently unavailable)
Will    .....      NoTele   +   (boots currently unavailable)
Stlth   ++++++....              (no amulet)
HPRegen 0.23/turn               f - +6 ring of strength
MPRegen 0.11/turn               e - ring of poison resistance

@: tree-form
A: stationary, stasis, torment immunity, boosted hp, small, no large weapons,
nightstalker 3, (hooves 1), noise suppression
a: Renounce Religion, Heroism


You were on level 6 of the Dungeon.
You worshipped Okawaru.
Okawaru was pleased with you.
You were a tree.
You visited 2 branches of the dungeon, and saw 7 of its levels.

You collected 331 gold pieces.

Inventory:

Hand Weapons
 a - a +0 shortbow
 h - a +1 sling of flaming
 j - a +4 short sword of freezing (weapon)
 p - a +0 rapier
 q - a +4 mace of holy wrath
Missiles
 g - 13 poisoned darts (quivered)
Armour
 c - a +0 leather armour
 i - a +0 robe
 r - a +1 scale mail of fire resistance
 y - a +2 robe of cold resistance (melded)
Magical Staves
 m - a staff of fire
Jewellery
 e - a ring of poison resistance (right branch)
 f - a +6 ring of strength (left branch)
 t - a ring of positive energy
 z - a +6 ring of intelligence
Wands
 s - a wand of mindburst (20)
Scrolls
 b - 3 scrolls of immolation
 w - 3 scrolls of identify
 x - 2 scrolls of magic mapping
Potions
 d - 3 potions of magic
 k - a potion of berserk rage {unknown}
 l - a potion of lignification
 n - a potion of flight
 o - a potion of resistance
 u - 2 potions of curing
 v - 3 potions of haste {unknown}


   Skills:
 + Level 3.7 Fighting
 * Level 8.3 Short Blades
 - Level 6.5 Ranged Weapons
 - Level 1.0 Throwing
 - Level 0.1 Armour
 + Level 3.5 Dodging
 * Level 10.7 Stealth


You had 7 spell levels left.
You knew the following spells:

 Your Spells              Type           Power      Damage    Failure   Level
a - Magic Dart            Conj           0%         1d3       34%         1

Your spell library contained the following spells:

 Spells                   Type           Power      Damage    Failure   Level
 Frozen Ramparts          Ice            0%         1d2       71%         3
 Gell's Gravitas          Tloc           0%         N/A       71%         3
 Lesser Beckoning         Tloc           0%         N/A       71%         3
 Mephitic Cloud           Conj/Pois/Air  0%         N/A       71%         3
 Teleport Other           Tloc           0%         N/A       71%         3
 Ice Form                 Ice/Tmut       0%         N/A       98%         4
 Passage of Golubria      Tloc           0%         N/A       98%         4
 Silence                  Hex/Air        0%         N/A       100%        5
 Lehudib's Crystal Spear  Conj/Erth      0%         10d2      100%        8
 Call Imp                 Summ           Unusable   N/A       N/A         2
 Summon Ice Beast         Ice/Summ       Unusable   N/A       N/A         4

Dungeon Overview and Level Annotations

Branches:
Dungeon (6/15)             Temple (1/1) D:6

Altars:
Ashenzari
Cheibriados
Dithmenos
Elyvilon
Fedhas
Gozag
Hepliaklqana
Kikubaaqudgha
Makhleb
Okawaru
Qazlal
Ru
Sif Muna
Trog
Uskayaw
Vehumet
Wu Jian
Zin


Innate Abilities, Weirdness & Mutations

You are a tree.
Your roots penetrate the ground, keeping you stationary.
You cannot be teleported.
You are immune to unholy pain and torment.
Your maximum health is greatly increased.
Your equipment is partially melded.
You are small and have problems with some larger weapons.
You are completely attuned to the shadows.
((You have large cloven feet.))
You passively dampen the noise of your surroundings.


Message History

Your +2 robe of cold resistance melds into your body.
You feel less resistant to cold.
Your roots penetrate the ground.
The killer bee stings you but does no damage.
The killer bee stings you. x2
The killer bee stings you but does no damage. x2
The killer bee stings you.
You puncture the killer bee! You freeze the killer bee.
The killer bee is severely wounded.
The killer bee stings you but does no damage. x3
You hit the killer bee. You freeze the killer bee.
The killer bee is almost dead.
The killer bee stings you but does no damage. x3
You puncture the killer bee! You freeze the killer bee.
You kill the killer bee!
Okawaru accepts your kill.
The killer bee stings you but does no damage. x2
The killer bee stings you.
* * * LOW HITPOINT WARNING * * *
The killer bee stings you but does no damage.
You barely miss the killer bee. The killer bee completely misses you.
The killer bee barely misses you.
You hit the killer bee. You freeze the killer bee.
The killer bee is moderately wounded.
The killer bee stings you.
* * * LOW HITPOINT WARNING * * *
The killer bee stings you but does no damage. x3
You hit the killer bee. You freeze the killer bee.
The killer bee is severely wounded.
The killer bee stings you.
* * * LOW HITPOINT WARNING * * *
The killer bee barely misses you.
You puncture the killer bee! You freeze the killer bee.
You kill the killer bee!
Okawaru accepts your kill. The killer bee stings you.
* * * LOW HITPOINT WARNING * * *
You feel better. The killer bee stings you!
* * * LOW HITPOINT WARNING * * *
The killer bee stings you.
You die...

########....#..#
............#..#
...............#
.........###..## .
..#.####.......##..
..#.# ##.##.......
..#.# #.##...###
..#.# #.##.....# #
....#
#.###..#♣##.##
..### #.#
#..††y.... ....#
#............#
.##.# ##.##.##?.#
....###### #. #..
..# ###......# ##
## ....<###.###
...>.......#
.#....##.#.#


You could see a killer bee.

Vanquished Creatures
  Sigmund (D:6)
  An acid dragon (D:6)
  A water moccasin (D:6)
  A sky beast (D:5)
  3 ogres
  A centaur (D:5)
  A phantom (D:4)
  5 killer bees (D:6)
  A howler monkey (D:4)
  2 hounds
  A jelly (D:6)
  An orc priest (D:4)
  Terence (D:2)
  3 iguanas
  Natasha (thrice) (D:2)
  An orc wizard (D:6)
  6 adders
  3 gnolls (D:4)
  2 shadow imps
  A white imp (D:5)
  A worm (D:4)
  2 dart slugs
  5 orcs
  5 ball pythons
  6 bats
  2 endoplasms (D:1)
  2 giant cockroaches
  3 goblins
  11 hobgoblins
  2 quokkas (D:1)
  6 frilled lizards
  5 kobolds
  7 rats
96 creatures vanquished.

Notes
Turn   | Place    | Note
-------+----------+-------------------------------------------
     0 | D:1      | purpskrrrp the Kobold Hunter began the quest for the Orb.
     0 | D:1      | Reached XP level 1. HP: 12/12 MP: 1/1
   260 | D:1      | Reached XP level 2. HP: 17/17 MP: 2/2
  1017 | D:2      | Reached XP level 3. HP: 22/22 MP: 3/3
  1505 | D:2      | Found a faded altar of an unknown god.
  1670 | D:2      | Reached skill level 1 in Short Blades
  1673 | D:2      | Reached XP level 4. HP: 27/27 MP: 4/4
  1703 | D:2      | Reached skill level 2 in Stealth
  1866 | D:2      | Noticed Terence
  2368 | D:2      | Noticed Natasha
  2383 | D:2      | Killed Natasha
  2384 | D:2      | Reached XP level 5. HP: 3/31 MP: 5/5
  2703 | D:2      | Noticed Natasha
  2715 | D:2      | Killed Natasha
  2915 | D:2      | Noticed Natasha
  2923 | D:2      | Killed Natasha
  2924 | D:2      | Reached skill level 3 in Stealth
  3024 | D:3      | Learned a level 1 spell: Magic Dart
  3385 | D:3      | Found a blossoming altar of Fedhas.
  3670 | D:4      | Found an opulent altar of Gozag.
  3694 | D:4      | Found an iron altar of Okawaru.
  3697 | D:4      | Became a worshipper of Warmaster Okawaru
  3726 | D:4      | Noticed a phantom
  3740 | D:4      | Killed a phantom
  3741 | D:4      | Reached skill level 4 in Stealth
  3741 | D:4      | Reached XP level 6. HP: 26/36 MP: 6/6
  4161 | D:4      | Gained mutation: Your magical capacity is low. (-10% MP)
                  | [potion of mutation]
  4161 | D:4      | Gained mutation: You passively dampen the noise of your
                  | surroundings. [potion of mutation]
  4161 | D:4      | Lost mutation: Your magical capacity is low. (-10% MP)
                  | [potion of mutation]
  4161 | D:4      | Gained mutation: You have large cloven feet. [potion of
                  | mutation]
  4360 | D:4      | Noticed an ogre
  5633 | D:2      | Killed Terence
  5922 | D:4      | Reached skill level 5 in Stealth
  5944 | D:4      | Reached XP level 7. HP: 40/40 MP: 7/7
  5989 | D:4      | Reached * piety under Okawaru
  5990 | D:4      | Reached skill level 5 in Short Blades
  6513 | D:4      | Reached skill level 6 in Stealth
  6901 | D:5      | Entered Level 5 of the Dungeon
  7054 | D:6      | Found a staircase to the Ecumenical Temple.
  7061 | Temple   | Entered the Ecumenical Temple
  7478 | D:6      | Noticed an acid dragon
  7486 | D:6      | Killed an acid dragon
  7487 | D:6      | Reached skill level 7 in Stealth
  7487 | D:6      | Reached XP level 8. HP: 46/46 MP: 8/8
  8286 | D:5      | Reached skill level 8 in Stealth
  8507 | D:6      | Reached ** piety under Okawaru
  8520 | D:6      | Reached skill level 1 in Throwing
  8587 | D:6      | Found a snail-covered altar of Cheibriados.
  8614 | D:6      | Noticed Sigmund
  8616 | D:6      | Killed Sigmund
  8617 | D:6      | Reached skill level 9 in Stealth
  8738 | D:6      | Found a shimmering blue altar of Sif Muna.
  8835 | D:6      | Found a hide-covered altar of Uskayaw.
  8958 | D:6      | Reached XP level 9. HP: 51/51 MP: 9/9
  9076 | D:6      | Reached skill level 10 in Stealth
  9096 | D:6      | Slain by a killer bee

Illustrated notes

Levels and vault maps discovered:
D:1:      wander_arrival_fairy_ring, layout_loops_corners,
          dreamdust_mushroom_princess
D:2:      minmay_door_path, layout_loops_corners, basic_ecumenical_altar,
          uniq_terence, uniq_natasha
D:3:      layout_loops_ring, fedhas_ov_isle_minmay
D:4:      layout_gridville, okawaru_metal_pillars_1_2,
          mainiacjoe_overflow_catwalk
D:5:      layout_loops_ring
D:6:      layout_loops_cross, mainiacjoe_overflow_24_doors,
          mainiacjoe_overflow_catch_the_wave, minmay_temple_entry_sparse_star,
          kennysheep_generic_room_5, uniq_sigmund
Temple:   hc_temple_tempest_star

Skill      XL: |  1  2  3  4  5  6  7  8  9 |
---------------+----------------------------+-----
Ranged Weapons | 6 |  6.5
Short Blades   | 1 3 4 6 7 8 |  8.3
Stealth        | 2 4 5 7 9 10 | 10.7
Dodging        | 3 |  3.5
Fighting       | 3 |  3.7
Throwing       | 1 |  1.0
Armour         | |  0.1

Action                   |  1- 3 |  4- 6 |  7- 9 || total
-------------------------+-------+-------+-------++-------
Melee: Short sword       |    10 |    92 |    75 ||   177
       Kick              |       |     4 |    14 ||    18
       Punch             |       |       |     2 ||     2
 Fire: Shortbow          |    47 |       |       ||    47
       Sling             |     7 |       |       ||     7
Throw: Dart              |       |     4 |       ||     4
  Use: Scroll            |       |    18 |     1 ||    19
       Potion            |       |     2 |     4 ||     6
 Stab: Sleeping          |     2 |    13 |    14 ||    29
       Distracted        |       |     3 |     1 ||     4
Armor: Leather armour    |     7 |     3 |     2 ||    12
       Robe              |       |       |     6 ||     6
       Skin              |       |       |    15 ||    15
Dodge: Dodged            |    23 |    36 |    52 ||   111

Table legend: (Time is in decaauts)
 A = Elapsed time spent in this place.
 B = Non-inter-level travel time spent in this place.
 C = Inter-level travel time spent in this place.
 D = Time resting spent in this place.
 E = Time spent auto-exploring this place.
 F = Levels seen in this place.
 G = Mean time per level.
                   A        B        C        D        E       F      G
               +--------+--------+--------+--------+--------+-----+--------+
         Total |   9119 |   7720 |   1399 |   2160 |   4359 |   7 | 1302.7 |
       Dungeon |   8708 |   7341 |   1367 |   2160 |   3993 |   6 | 1451.3 |
        Temple |    410 |    379 |     31 |      0 |    365 |   1 |  410.0 |
               +--------+--------+--------+--------+--------+-----+--------+

Top non-repeatable levels by time:
     D:2: 3025 daAuts
     D:4: 1948 daAuts
     D:1: 1091 daAuts
     D:5: 1059 daAuts
     D:3: 868 daAuts
     D:6: 716 daAuts
  Temple: 410 daAuts
